 Dungeon Crawl Stone Soup version 0.19.5 (webtiles) character file.

78 miragecloak the Poker (level 4, -1/35 HPs)
             Began as a Formicid Abyssal Knight on May 12, 2017.
             Was a Believer of Lugonu.
             Slain by a howler monkey (4 damage)
             ... on level 4 of the Dungeon.
             The game lasted 00:02:27 (3154 turns).

miragecloak the Poker (Formicid Abyssal Knight)     Turns: 3154, Time: 00:02:28

Health: -1/35      AC:  3    Str: 17    XL:     4   Next: 61%
Magic:  5/5        EV: 11    Int: 11    God:    Lugonu [**....]
Gold:   174        SH:  0    Dex: 11    Spells: 0 memorised, 3 levels left

rFire  . . .     SeeInvis +     a - +1 spear
rCold  . . .     Gourm    .     e - +0 leather armour (curse)
rNeg   . . .     Faith    .     (no shield)
rPois  .         Spirit   .     (helmet unavailable)
rElec  .         Reflect  .     (no cloak)
rCorr  .         Harm     .     (no gloves)
MR     .....                    (no boots)
Stlth  +.........               (no amulet)
                                (no ring)
                                (no ring)

@: lethally poisoned (-1 -> -4)
A: permanent stasis, dig shafts and tunnels, four strong arms, antennae 3
a: Dig, Shaft Self, Depart the Abyss, Bend Space, Renounce Religion


You were on level 4 of the Dungeon.
You worshipped Lugonu.
Lugonu was pleased with you.
You were very hungry.

You visited 1 branch of the dungeon, and saw 4 of its levels.
You visited the Abyss 1 time.

You collected 174 gold pieces.

Inventory:

Hand Weapons
 a - a +1 spear (weapon)
Armour
 b - a +0 leather armour
 e - a cursed +0 leather armour (worn)
Scrolls
 d - 3 scrolls of teleportation {unknown}
 l - a scroll of immolation {unknown}
 m - 2 scrolls of enchant armour {unknown}
 n - 2 scrolls of amnesia {unknown}
 r - a scroll of remove curse {unknown}
Potions
 f - a potion of curing {unknown}
 h - 2 potions of heal wounds {unknown}
 i - a potion of berserk rage {unknown}
 j - a potion of agility {unknown}
 k - a potion of flight {unknown}
 q - a potion of resistance {unknown}
Books
 o - a book of Battle

   Spells                             Type                      Level
   a - Infusion                       Charms                       1
   b - Shroud of Golubria             Charms/Translocation         2
   c - Song of Slaying                Charms                       2
   d - Spectral Weapon                Hexes/Charms                 3
   e - Regeneration                   Charms/Necromancy            3
Comestibles
 c - 2 bread rations
 g - a slice of pizza
 p - a meat ration


   Skills:
 - Level 3.2 Fighting
 + Level 4.4 Polearms
 - Level 2.1 Armour
 - Level 0.8 Dodging
 - Level 2.1 Invocations


You had 3 spell levels left.
You didn't know any spells.

Dungeon Overview and Level Annotations

Branches:
Dungeon (3/15)

Altars:
Ashenzari
Zin

Annotations:
D:3 Grinder


Innate Abilities, Weirdness & Mutations

You are under a permanent stasis effect.
You can dig through walls and to a lower floor.
Your four strong arms can wield two-handed weapons with a shield.
You have a pair of large antennae on your head. (SInv)


Message History

You are too injured to fight recklessly!
You are too injured to fight recklessly!
You closely miss the howler monkey. The howler monkey closely misses you.
The howler monkey barely misses you.
You barely miss the howler monkey.
You feel sick.
The howler monkey hits you but does no damage.
You hit the howler monkey.
The howler monkey is moderately wounded.
The howler monkey closely misses you.
You closely miss the howler monkey.
The howler monkey is moderately wounded.
The howler monkey hits you but does no damage.
You hit the howler monkey.
The howler monkey is heavily wounded.
You feel sick. The howler monkey hits you.
* * * LOW HITPOINT WARNING * * *
You puncture the howler monkey!
The howler monkey is almost dead.
The howler monkey hits you.
You die...

.## #.# #... #.##
#.# #..# ##.###.#
#..# #####
##....###..###...#
#.####...........#
#.# #.##.##.#...#
.# #.##.##.##.##
.# #.##.##.##.# ##
#.##.##.##@#
#.##.##(##h#
#.##|.#.##o#
#.###[#.#..###
#........#
#..#####.# #. .#
.. .. .. .##


You could see a howler monkey and an orc.

Vanquished Creatures
  A gnoll (D:1)
  An adder (D:2)
  An adder skeleton (D:4)
  3 worms (D:2)
  A dart slug (D:1)
  An orc (D:2)
  A giant cockroach (D:1)
  7 goblins
  10 hobgoblins
  2 kobolds
  2 quokkas (D:2)
  3 bats
  3 frilled lizards
  8 rats
44 creatures vanquished.

Notes
Turn   | Place    | Note
-------+----------+-------------------------------------------
     0 | Abyss:1  | miragecloak the Formicid Abyssal Knight began the quest for the Orb.
     0 | Abyss:1  | Reached XP level 1. HP: 18/18 MP: 2/2
    79 | Abyss:1  | Noticed an ice devil
    80 | D:1      | Escaped the Abyss
   154 | D:1      | Reached * piety under Lugonu
   196 | D:1      | Reached XP level 2. HP: 24/24 MP: 3/3
   213 | D:1      | Found a shattered altar of Ashenzari.
   666 | D:1      | Reached skill level 3 in Polearms
   666 | D:1      | Reached XP level 3. HP: 5/29 MP: 4/4
  1554 | D:2      | Found a glowing silver altar of Zin.
  2173 | D:2      | Reached skill level 4 in Polearms
  2173 | D:2      | Reached XP level 4. HP: 23/35 MP: 5/5
  2330 | D:2      | Reached ** piety under Lugonu
  2851 | D:3      | Noticed Grinder
  2863 | D:3      | You fall through a shaft!
  3154 | D:4      | Slain by a howler monkey

Skill      XL: |  1  2  3 |
---------------+----------+-----
Polearms       | 3 4 |  4.4
Fighting       | |  3.2
Armour         | |  2.1
Dodging        | |  0.8
Invocations    | |  2.1

Action                   |  1- 3 |  4- 6 || total
-------------------------+-------+-------++-------
Melee: Spear             |   131 |    75 ||   206
Invok: Depart the Abyss  |     1 |       ||     1
 Abil: Shaft Self        |       |     1 ||     1
  Eat: Chunk             |     4 |     2 ||     6
Armor: Leather armour    |    14 |    10 ||    24
Dodge: Dodged            |    49 |    35 ||    84
